 Dungeon Crawl Stone Soup version 0.31.0-12-g77e489cdc1 (webtiles) character file.

Game seed: 15631648654341043265

21313 Ijustatesigmund the Destroyer (level 12, -6/92 HPs)
             Began as a Gnoll Conjurer on Feb 29, 2024.
             Was a High Priest of Cheibriados.
             Shot with an arrow by a centaur warrior (20 damage)
             ... on level 13 of the Dungeon on Mar 1, 2024.
             The game lasted 00:55:09 (18194 turns).

Ijustatesigmund the Destroyer (Gnoll Conjurer)     Turns: 18194, Time: 00:55:10

Health: -6/92      AC: 13    Str: 20    XL:     12   Next: 88%
Magic:  29/34      EV: 21    Int: 36    God:    Cheibriados [*****.]
Gold:   498        SH:  0    Dex: 26    Spells: 5/30 levels left

rFire   + + .        A - +5 woodcutter's axe
rCold   + . .        (shield currently unavailable)
rNeg    . . .        n - +0 steam dragon scales
rPois   .            i - +2 helmet
rElec   .            y - scarf {rC+ rF+}
rCorr   .            r - +0 pair of gloves
SInv    .            f - +1 pair of boots
Will    .....        B - amulet of magic regeneration
Stlth   +++++        x - ring of magical power
HPRegen 0.35/turn    H - ring of protection from fire
MPRegen 0.64/turn

%: no passive effects
@: very slow
A: fangs 1, strong nose, distributed training
a: Renounce Religion, Bend Time, Temporal Distortion, Slouch, Step From Time


You were on level 13 of the Dungeon.
You worshipped Cheibriados.
Cheibriados was extremely pleased with you.
You visited 2 branches of the dungeon, and saw 14 of its levels.

You collected 757 gold pieces.
You spent 259 gold pieces at shops.

Inventory:

Hand Weapons
 c - a +4 war axe of flaming
 A - the +5 woodcutter's axe (weapon)
   (You found it on level 9 of the Dungeon)
 U - a +3 scimitar of flaming
Missiles
 C - a curare-tipped dart (quivered)
 N - 2 throwing nets
Armour
 a - a +0 troll leather armour
 f - a +1 pair of boots (worn)
 i - a +2 helmet (worn)
 n - +0 steam dragon scales (worn)
 r - a +0 pair of gloves (worn)
 y - a scarf of resistance (worn)
 z - the +3 scale mail of Perfidy {rN+ Str+3 Dex+3}
   (You found it on level 3 of the Dungeon)

   Str+3:     It affects your strength (+3).
   Dex+3:     It affects your dexterity (+3).
   rN+:       It protects you from negative energy.
 I - the +0 robe of the Bouncing Princes {+Inv rF- MP+9 Dex+3}
   (You took it off a centaur on level 6 of the Dungeon)

   Dex+3:     It affects your dexterity (+3).
   rF-:       It makes you vulnerable to fire.
   MP+9:      It affects your magic capacity (+9).
   +Inv:      It lets you turn invisible.
Magical Staves
 g - a staff of fire
Jewellery
 x - a ring of magical power (left hand)
 B - an amulet of magic regeneration (around neck)
 F - a ring of positive energy
 H - a ring of protection from fire (right hand)
Wands
 d - a wand of flame (9)
 e - a wand of mindburst (5)
 t - a wand of iceblast (2)
 w - a wand of quicksilver (17)
 E - a wand of polymorph (11)
 P - a wand of charming (3)
Scrolls
 j - 2 scrolls of immolation
 m - 4 scrolls of amnesia
 p - a scroll of noise
 u - 2 scrolls of silence
 J - 5 scrolls of fog
 K - 3 scrolls of teleportation
 M - 2 scrolls of enchant weapon
 O - a scroll of fear
 R - a scroll of brand weapon
 S - 2 scrolls of blinking
 T - 4 scrolls of identify
 V - a scroll of revelation
Potions
 b - 2 potions of magic
 h - 3 potions of enlightenment
 k - a potion of invisibility
 l - a potion of ambrosia
 o - 4 potions of might
 q - a potion of resistance
 s - 2 potions of attraction
 v - 2 potions of heal wounds
 D - 2 potions of cancellation
 G - a potion of lignification
 L - 2 potions of mutation
 Q - 2 potions of curing


   Skills:
 + Level 8.0 Fighting
 + Level 8.0 Short Blades
 + Level 8.0 Long Blades
 + Level 8.0 Axes
 + Level 8.0 Maces & Flails
 + Level 8.0 Polearms
 + Level 8.0 Staves
 + Level 8.0 Ranged Weapons
 + Level 8.0 Throwing
 + Level 8.0 Armour
 + Level 9.3 Dodging
 + Level 9.1 Stealth
 + Level 8.0 Shields
 + Level 8.0 Unarmed Combat
 + Level 9.5 Spellcasting
 + Level 9.8 Conjurations
 + Level 6.6 Hexes
 + Level 6.6 Summonings
 + Level 6.6 Necromancy
 + Level 6.6 Translocations
 + Level 6.6 Fire Magic
 + Level 6.6 Ice Magic
 + Level 6.6 Air Magic
 + Level 6.6 Earth Magic
 + Level 6.6 Alchemy
 + Level 8.8 Invocations
 + Level 8.0 Evocations
 + Level 7.3 Shapeshifting


You had 5 spell levels left.
You knew the following spells:

 Your Spells              Type           Power      Damage    Failure   Level
a - Magic Dart            Conj           100%       1d8       1%          1
b - Searing Ray           Conj           100%       2d8       1%          2
c - Iskenderun's Mystic   Conj/Tloc      67%        2d14      1%          4
d - Irradiate             Conj/Alch      33%        3d22      2%          5
e - Mephitic Cloud        Conj/Alch/Air  64%        N/A       1%          3
f - Freezing Cloud        Conj/Ice/Air   32%        6-21      2%          5
g - Iskenderun's Battles  Conj           73%        2d12      1%          5

Your spell library contained the following spells:

 Spells                   Type           Power      Damage    Failure   Level
 Mercury Vapours          Alch/Air       100%       N/A       1%          2
 Inner Flame              Hex/Fire       60%        N/A       1%          3
 Brom's Barrelling Bould  Conj/Erth      67%        2d8       1%          4
 Flame Wave               Conj/Fire      67%        2d15      1%          4
 Fulminant Prism          Conj/Alch      33%        3d15      1%          4
 Sticky Flame             Fire/Alch      60%        2d10      1%          4
 Fireball                 Conj/Fire      33%        3d14      2%          5
 Alistair's Intoxication  Alch           40%        N/A       4%          5
 Borgnjor's Vile Clutch   Necr/Erth      30%        N/A       4%          5
 Conjure Ball Lightning   Conj/Air       33%        3x3d11    13%         6
 Eringya's Noxious Bog    Alch           30%        4d6       24%         6
 Orb of Destruction       Conj           36%        9d11      36%         7
 Ignition                 Fire           30%        3d10      100%        8


Dungeon Overview and Level Annotations

Branches:
Dungeon (13/15)            Temple (1/1) D:6            Lair (0/5) D:10
    Orc (0/2) D:11
 Vaults: D:13-14

Altars:
Ashenzari
Cheibriados
Dithmenos
Elyvilon
Fedhas
Gozag
Hepliaklqana
Kikubaaqudgha
Makhleb
Nemelex Xobeh
Okawaru
Qazlal
Ru
Sif Muna
Trog
Uskayaw
Vehumet
Wu Jian
Xom
Yredelemnul
Zin
The Shining One
Lugonu

Shops:
D:1 *   D:4 (   D:5 [   D:6 !   D:7 :   D:8 *   D:11 *   D:12 [

Portals:
Abyss: D:7
Trove: D:12 (give 10 potions of heal wounds)

Annotations:
D:10 2 transporters, mmk665's ghost, journeyman GrFi


Innate Abilities, Weirdness & Mutations

You have very sharp teeth.
Your uncanny sense of smell can sniff out nearby items.
Your experience applies equally to all skills.


Message History

Press: ? - help, Shift-Dir - straight line, f - centaur
Aim: a centaur, wielding a +0 orcbow (almost dead, 90% to hit)
The searing ray hits the centaur.
You kill the centaur!
Cheibriados appreciates the change of pace. (Press . to maintain the ray.)
The centaur shouts!
The centaur is engulfed in freezing vapours.
You kill the centaur!
Cheibriados appreciates the change of pace.
The centaur warrior is engulfed in freezing vapours.
The centaur warrior shoots an arrow.
The arrow hits you.
The centaur is engulfed in freezing vapours.
You kill the centaur!
Cheibriados thoroughly appreciates the change of pace.
Casting: Searing Ray (safe; 1% risk of failure)
Confirm with . or Enter, or press ? or * to list all spells.
Aiming: Magic Dart (safe; 1% risk of failure)
Press: ? - help, Shift-Dir - straight line, f - centaur warrior
Aim: a centaur warrior, wielding a +0 shortbow (freezing vapour, lightly wounded, 100% to hit)
The magic dart hits the centaur warrior.
The centaur warrior is moderately wounded.
The centaur warrior is engulfed in freezing vapours.
The centaur warrior shoots an arrow.
The arrow completely misses you.
The centaur wields a +0 shortbow.
The centaur shoots an arrow.
The arrow barely misses you.
The centaur warrior is engulfed in freezing vapours.
The centaur warrior shoots an arrow.
The arrow hits you!
The centaur shoots an arrow.
The arrow misses you.
The centaur warrior is engulfed in freezing vapours.
The centaur warrior shoots an arrow.
The arrow hits you!
The centaur shoots an arrow.
The arrow completely misses you.
The centaur warrior is engulfed in freezing vapours.
The centaur warrior shoots an arrow.
The arrow hits you!
* * * LOW HITPOINT WARNING * * *
The centaur shoots an arrow.
The arrow hits you.
* * * LOW HITPOINT WARNING * * *
The centaur warrior is engulfed in freezing vapours.
The centaur warrior shoots an arrow.
The arrow hits you!!
You die...

#######################
.......................#
.......#....#.......#..#
##.....#..........§§§c.#
.............>..@.)§§§c#
####'##############§§§.#
..#....# .#.# ..).)..#
###)#### ###.## #....#
#....# #...##


You could see a centaur warrior and a centaur.

Vanquished Creatures
  2 boulder beetles (D:11)
  A centaur warrior (D:13)
  2 two-headed ogres
  A death yak (D:10)
  Pikel (D:7)
  2 deep elf pyromancers (D:12)
  An ugly thing (D:12)
  A cyclops (D:11)
  A manticore (D:11)
  Maurice (D:7)
  2 gargoyles (D:12)
  Jeremiah (D:8)
  An unseen horror (D:12)
  An efreet (D:12)
  3 trolls
  Psyche (D:8)
  2 hornets (D:8)
  21 yaks
  Sigmund (D:5)
  5 wyverns
  3 vampires
  4 wraiths
  2 steam dragons
  6 vampire mosquitoes
  Menkaure (D:7)
  An acid dragon (D:10)
  6 water moccasins
  Duvessa (D:7)
  3 black bears
  A hornet zombie (D:6)
  4 ice beasts
  5 orc warriors
  2 sky beasts (D:7)
  A black bear (shapeshifter) (D:13)
  2 wolves (D:10)
  8 centaurs
  A lemure (D:7)
  3 kobold brigands
  3 bullfrogs
  3 gnoll sergeants
  4 scorpions
  A wyvern zombie (D:6)
  A water moccasin zombie (D:6)
  10 wights
  Dowan (D:7)
  6 killer bees (D:9)
  A howler monkey (D:8)
  An electric eel (D:10)
  5 hounds
  A jelly (D:5)
  2 bombardier beetles
  A bullfrog zombie (D:6)
  8 orc priests
  4 sleepcaps
  4 iguanas
  12 orc wizards
  A killer bee zombie (D:6)
  A howler monkey zombie (D:6)
  14 gnolls
  12 adders
  A white imp (D:5)
  2 ufetubi (D:6)
  A dart slug (D:3)
  2 ribbon worms
  57 orcs
  4 endoplasms
  4 giant cockroaches
  9 goblins
  9 hobgoblins
  4 jackals
  3 quokkas
  9 ball pythons
  6 bats
  3 frilled lizards
  17 kobolds
  7 rats
339 creatures vanquished.

Vanquished Creatures (others)
  A vault guard (D:13)
1 creature vanquished.

Grand Total: 340 creatures vanquished

Notes
Turn   | Place    | Note
-------+----------+-------------------------------------------
     0 | D:1      | Ijustatesigmund the Gnoll Conjurer began the quest for the
                  | Orb.
     0 | D:1      | Reached XP level 1. HP: 13/13 MP: 6/6
   146 | D:1      | Reached XP level 2. HP: 19/19 MP: 1/7
   315 | D:1      | Learned a level 2 spell: Searing Ray
   385 | D:1      | Reached skill level 5 in Spellcasting
   385 | D:1      | Reached XP level 3. HP: 25/25 MP: 4/9
   650 | D:1      | Found Zadel's Assorted Antiques.
   658 | D:1      | Bought a scroll labelled KIR POMUSAYSTRI for 25 gold pieces
   765 | D:2      | Reached skill level 1 in Invocations
  1079 | D:2      | Found a faded altar of an unknown god.
  1422 | D:2      | Reached skill level 1 in Fighting
  1422 | D:2      | Reached skill level 1 in Short Blades
  1422 | D:2      | Reached skill level 1 in Long Blades
  1422 | D:2      | Reached skill level 1 in Axes
  1422 | D:2      | Reached skill level 1 in Maces & Flails
  1422 | D:2      | Reached skill level 1 in Polearms
  1422 | D:2      | Reached skill level 1 in Staves
  1422 | D:2      | Reached skill level 1 in Ranged Weapons
  1422 | D:2      | Reached skill level 1 in Throwing
  1422 | D:2      | Reached skill level 1 in Armour
  1422 | D:2      | Reached skill level 1 in Shields
  1422 | D:2      | Reached skill level 1 in Unarmed Combat
  1422 | D:2      | Reached skill level 1 in Evocations
  1427 | D:2      | Reached skill level 1 in Shapeshifting
  1427 | D:2      | Reached XP level 4. HP: 32/32 MP: 3/11
  1495 | D:2      | Learned a level 4 spell: Iskenderun's Mystic Blast
  1697 | D:2      | Found a blossoming altar of Fedhas.
  2039 | D:3      | Reached skill level 1 in Hexes
  2039 | D:3      | Reached skill level 1 in Summonings
  2039 | D:3      | Reached skill level 1 in Necromancy
  2039 | D:3      | Reached skill level 1 in Translocations
  2039 | D:3      | Reached skill level 1 in Fire Magic
  2039 | D:3      | Reached skill level 1 in Ice Magic
  2039 | D:3      | Reached skill level 1 in Air Magic
  2039 | D:3      | Reached skill level 1 in Earth Magic
  2039 | D:3      | Reached skill level 1 in Alchemy
  2223 | D:3      | You fall into a shaft and drop 2 floors!
  2223 | D:5      | Entered Level 5 of the Dungeon
  2266 | D:5      | Noticed a water moccasin
  2372 | D:4      | Reached XP level 5. HP: 37/37 MP: 9/12
  2963 | D:4      | Found Pamoleh's Antique Weapon Shoppe.
  3075 | D:4      | Reached skill level 5 in Dodging
  3075 | D:4      | Reached XP level 6. HP: 25/44 MP: 1/14
  3810 | D:4      | Found a glowing silver altar of Zin.
  4225 | D:3      | Reached XP level 7. HP: 47/51 MP: 12/15
  4457 | D:3      | Identified the +3 scale mail of Perfidy {rN+ Str+3 Dex+3}
  5141 | D:5      | Reached skill level 5 in Stealth
  5691 | D:5      | Noticed Sigmund
  5697 | D:5      | Killed Sigmund
  5698 | D:5      | Reached XP level 8. HP: 58/58 MP: 16/16
  5893 | D:5      | Found Mogho's Antique Armour Emporium.
  6066 | D:1      | Bought a gilded ring for 125 gold pieces
  6066 | D:1      | Bought a ruby potion for 22 gold pieces
  6066 | D:1      | Bought a lumpy brown potion for 22 gold pieces
  6529 | D:6      | Found Inlat's Distillery.
  6805 | D:6      | Bought a potion of heal wounds for 65 gold pieces
  7110 | D:6      | Identified the +0 robe of the Bouncing Princes {+Inv rF-
                  | MP+9 Dex+3}
  7116 | D:6      | Reached XP level 9. HP: 63/65 MP: 18/18
  7526 | D:6      | Found a staircase to the Ecumenical Temple.
  7544 | Temple   | Entered the Ecumenical Temple
  7550 | Temple   | Became a worshipper of Cheibriados the Contemplative
  7637 | D:6      | Learned a level 5 spell: Irradiate
  8024 | D:7      | Noticed Menkaure
  8024 | D:7      | Noticed Duvessa
  8024 | D:7      | Noticed Dowan
  8024 | D:7      | Found Teklo's Book Shop.
  8027 | D:7      | Killed Menkaure
  8035 | D:7      | Killed Duvessa
  8036 | D:7      | Killed Dowan
  8243 | D:7      | Reached skill level 5 in Invocations
  8606 | D:7      | Noticed Pikel
  8619 | D:7      | Killed Pikel
  8801 | D:7      | Identified the +1 scale mail "Bodeshripp" {Fly rCorr Dex+5
                  | Slay-3}
  8823 | D:7      | Found a one-way gate to the infinite horrors of the Abyss.
  8835 | D:7      | Reached skill level 5 in Fighting
  8835 | D:7      | Reached skill level 5 in Short Blades
  8835 | D:7      | Reached skill level 5 in Long Blades
  8835 | D:7      | Reached skill level 5 in Axes
  8835 | D:7      | Reached skill level 5 in Maces & Flails
  8835 | D:7      | Reached skill level 5 in Polearms
  8835 | D:7      | Reached skill level 5 in Staves
  8835 | D:7      | Reached skill level 5 in Ranged Weapons
  8835 | D:7      | Reached skill level 5 in Throwing
  8835 | D:7      | Reached skill level 5 in Armour
  8835 | D:7      | Reached skill level 5 in Shields
  8835 | D:7      | Reached skill level 5 in Unarmed Combat
  8835 | D:7      | Reached skill level 5 in Evocations
  8835 | D:7      | Reached XP level 10. HP: 74/74 MP: 20/20
  8886 | D:7      | Reached * piety under Cheibriados
  9096 | D:7      | Found a large runed translucent door.
  9099 | D:7      | Found a large runed translucent door.
  9171 | D:7      | Found a glowing golden altar of the Shining One.
  9356 | D:7      | Found a sacrificial altar of Ru.
  9479 | D:7      | Found a corrupted altar of Lugonu.
  9819 | D:8      | Noticed Maurice
  9827 | D:8      | Noticed Jeremiah
 10050 | D:7      | Maurice stole a staff of fire
 10063 | D:7      | Something stole a ring of positive energy
 10064 | D:7      | Something stole a curare-tipped dart
 10074 | D:7      | Killed Maurice
 10075 | D:7      | Reached skill level 5 in Shapeshifting
 10364 | D:8      | Killed Jeremiah
 10696 | D:8      | Noticed Psyche
 10703 | D:8      | Killed Psyche
 11133 | D:8      | Reached ** piety under Cheibriados
 11306 | D:8      | Found Silusezxa's Serpentskin Sales.
 11767 | D:9      | Reached skill level 5 in Hexes
 11767 | D:9      | Reached skill level 5 in Summonings
 11767 | D:9      | Reached skill level 5 in Necromancy
 11767 | D:9      | Reached skill level 5 in Translocations
 11767 | D:9      | Reached skill level 5 in Fire Magic
 11767 | D:9      | Reached skill level 5 in Ice Magic
 11767 | D:9      | Reached skill level 5 in Air Magic
 11767 | D:9      | Reached skill level 5 in Earth Magic
 11767 | D:9      | Reached skill level 5 in Alchemy
 11772 | D:9      | Reached XP level 11. HP: 73/81 MP: 19/22
 12007 | D:9      | Reached *** piety under Cheibriados
 12947 | D:9      | Found the +5 woodcutter's axe
 13054 | D:10     | Entered Level 10 of the Dungeon
 13452 | D:10     | Noticed a two-headed ogre
 13465 | D:10     | Killed a two-headed ogre
 13655 | D:10     | Found a transporter.
 13656 | D:10     | Found a transporter.
 13657 | D:10     | Noticed a two-headed ogre
 13662 | D:10     | Noticed mmk665's ghost (journeyman GrFi)
 13662 | D:10     | Noticed a two-headed ogre
 13669 | D:10     | Noticed a moth of wrath
 13670 | D:10     | Found a bloodstained altar of Trog.
 13711 | D:10     | Found a staircase to the Lair.
 13721 | D:10     | Reached **** piety under Cheibriados
 14223 | D:10     | Noticed a death yak
 14237 | D:10     | Killed a death yak
 14419 | D:10     | Reached XP level 12. HP: 91/91 MP: 24/24
 14455 | D:10     | Reached ***** piety under Cheibriados
 14553 | D:10     | Noticed a tengu warrior
 14656 | D:11     | Found a staircase to the Orcish Mines.
 15076 | D:11     | Noticed a boulder beetle
 15090 | D:11     | Killed a boulder beetle
 15423 | D:11     | Found Eveug's General Store.
 15674 | D:11     | Noticed a boulder beetle
 15691 | D:11     | Killed a boulder beetle
 16021 | D:11     | Found a snail-covered altar of Cheibriados.
 16035 | D:11     | Learned a level 3 spell: Mephitic Cloud
 16041 | D:11     | Learned a level 5 spell: Freezing Cloud
 16327 | D:12     | Found a shadowy altar of Dithmenos.
 16954 | D:12     | Noticed a two-headed ogre
 16961 | D:12     | Killed a two-headed ogre
 17103 | D:12     | Found Exom's Antique Armour Emporium.
 17528 | D:12     | Learned a level 5 spell: Iskenderun's Battlesphere
 17795 | D:12     | Found a portal to a secret trove of treasure.
 17930 | D:13     | Noticed a centaur warrior
 17935 | D:13     | Killed a centaur warrior
 18089 | D:13     | Killed a vault guard
 18190 | D:13     | Noticed a centaur warrior
 18194 | D:13     | Shot with an arrow by a centaur warrior

Illustrated notes

Levels and vault maps discovered:
D:1:      lightli_arrival_windingriver, layout_rooms, serial_shops,
          nicolae_shop_pleasant_corner_grove
D:2:      layout_basic, ebering_ecumenical_altar_rust, basic_altar,
          cheibrodos_gnoll_hut
D:3:      layout_loops_corners, dreamdust_wishing_well
D:4:      layout_cave_pods, zin_statuary, serial_shops, shop
D:5:      layout_cave_pods, serial_shops, shop, hellmonk_no_cap, uniq_sigmund
D:6:      layout_basic, minmay_temple_entry_statues, serial_shops, shop,
          serial_undead, serial_undead_a, serial_undead_c, serial_undead_b,
          serial_undead_c, serial_undead_b
D:7:      due_chaos_kobolds, layout_cave_pods, jmf_multi_god_temple,
          serial_shops, shop, uniq_menkaure, uniq_duvessa, uniq_pikel
D:8:      layout_cave_pools, guppyfry_shop_venom, uniq_psyche, uniq_maurice,
          uniq_jeremiah
D:9:      layout_loops_ring
D:10:     argonaut_augean_stables, layout_basic, minmay_lair_entry_grove,
          gammafunk_ghost_wrathful_warriors
D:11:     layout_cave_pods, hiddenorc2_lemuel, serial_shops, shop,
          cheibrodos_worm_habitat
D:12:     layout_gridville, serial_shops, nicolae_shop_crystal,
          nicolae_trove_entry_columns, grunt_dithmenos_smoke
D:13:     layout_stronghold, ximxim_vaults_locker_room
Temple:   hellmonk_temple_of_storms

Skill      XL: |  1  2  3  4  5  6  7  8  9 10 11 12 |
---------------+-------------------------------------+-----
Spellcasting   | 5 6 7 8 9 |  9.5
Invocations    | 1 2 3 4 5 6 7 8 |  8.8
Fighting       | 1 2 3 5 6 7 8 |  8.0
Short Blades   | 1 2 3 5 6 7 8 |  8.0
Long Blades    | 1 2 3 5 6 7 8 |  8.0
Axes           | 1 2 3 5 6 7 8 |  8.0
Maces & Flails | 1 2 3 5 6 7 8 |  8.0
Polearms       | 1 2 3 5 6 7 8 |  8.0
Staves         | 1 2 3 5 6 7 8 |  8.0
Ranged Weapons | 1 2 3 5 6 7 8 |  8.0
Throwing       | 1 2 3 5 6 7 8 |  8.0
Armour         | 1 2 3 5 6 7 8 |  8.0
Shields        | 1 2 3 5 6 7 8 |  8.0
Unarmed Combat | 1 2 3 5 6 7 8 |  8.0
Evocations     | 1 2 3 5 6 7 8 |  8.0
Shapeshifting  | 1 2 3 4 5 6 7 |  7.3
Hexes          | 1 2 3 4 5 6 |  6.6
Summonings     | 1 2 3 4 5 6 |  6.6
Necromancy     | 1 2 3 4 5 6 |  6.6
Translocations | 1 2 3 4 5 6 |  6.6
Fire Magic     | 1 2 3 4 5 6 |  6.6
Ice Magic      | 1 2 3 4 5 6 |  6.6
Air Magic      | 1 2 3 4 5 6 |  6.6
Earth Magic    | 1 2 3 4 5 6 |  6.6
Alchemy        | 1 2 3 4 5 6 |  6.6
Dodging        | 5 6 7 8 9 |  9.3
Stealth        | 5 6 7 8 9 |  9.1
Conjurations   | 8 9 |  9.8

Action                     |  1- 3 |  4- 6 |  7- 9 | 10-12 || total
---------------------------+-------+-------+-------+-------++-------
  Melee: Dagger            |    22 |       |       |       ||    22
         Short sword       |       |     6 |    17 |       ||    23
         Bite              |       |     1 |     5 |    33 ||    39
         War axe           |       |       |    68 |    83 ||   151
         Punch             |       |       |     4 |     7 ||    11
         Battleaxe         |       |       |       |   200 ||   200
  Throw: Dart              |       |       |     2 |       ||     2
   Cast: Magic Dart        |    57 |   112 |   145 |    68 ||   382
         Searing Ray       |     1 |     5 |    21 |    46 ||    73
         Iskenderun's Myst |       |       |    24 |    75 ||    99
         Irradiate         |       |       |       |    10 ||    10
         Freezing Cloud    |       |       |       |    14 ||    14
  Evoke: Wand              |       |       |     5 |    12 ||    17
    Use: Potion            |       |       |     4 |     5 ||     9
         Scroll            |       |       |     9 |    15 ||    24
   Stab: Sleeping          |       |       |       |     4 ||     4
 Armour: Robe              |    11 |    19 |   121 |    11 ||   162
         Steam dragon scal |       |       |       |   242 ||   242
         Skin              |       |       |       |     1 ||     1
  Dodge: Dodged            |    24 |    15 |   119 |   359 ||   517
